 Dungeon Sprint DCSS version 0.21.1-1-g345015f (webtiles) character file.

1200 Psiloshibe the Fencer (level 11, -6/101 HPs)
             Began as a Barachi Berserker on June 10, 2018.
             Was the Champion of Trog.
             Mangled by an eldritch tentacle (10 damage)
             ... called by a dimme
             ... in the Dungeon (Sprint VI: "Thunderdome").
             The game lasted 00:16:12 (1267 turns).

Psiloshibe the Fencer (Barachi Berserker)           Turns: 1267, Time: 00:16:13

Health: -6/101     AC: 12    Str: 31    XL:     11   Next: 81%
Magic:  14/14      EV: 21    Int: 16    God:    Trog [******]
Gold:   389        SH: 21    Dex: 23    Spells: 10/10 levels left

rFire    + . .     SeeInvis .   a - +1 scimitar (holy)
rCold    . . .     Gourm    .   q - -2 large shield "Keomiy" {+Inv Int+4 Dex-3 Slay+3}
rNeg     + . .     Faith    .   r - +3 leather armour {rC+}
rPois    +         Spirit   .   y - +2 helmet of Agrie {+Fly rC- Str+7 Dex+2}
rElec    +         Reflect  +   (no cloak)
rCorr    .         Harm     .   (no gloves)
MR       ++...     NoTele   +   x - +0 pair of boots "Icwopser" {+Inv} (curse)
Stlth    +++.......             b - amulet "Zybevufo" {Reflect -Tele Str+7 Int+4 Dex+3 SH+3}
HPRegen  1.26/turn              n - ring of Greed {rN+ Dex+3}
MPRegen  0.14/turn              p - ring of False Pretenses {rElec rPois rF+ Str-5 Dex+7}

@: mesmerised, very slightly contaminated, regenerating, drained, invisible,
slow
A: +LOS, swims, slowness 1, strong legs 1
}: 1/15 runes: decaying
a: Hop, Berserk, Trog's Hand, Brothers in Arms, Burn Spellbooks, Renounce
Religion, Evoke Flight


You were in the Dungeon.
You worshipped Trog.
Trog was exalted by your worship.
You were not hungry.

You visited 1 branch You collected 1650 gold pieces.
You spent 1261 gold pieces at shops.

Inventory:

Hand Weapons
 a - a +1 scimitar of holy wrath (weapon)
 o - a +0 falchion
 A - a +1 antimagic falchion
Missiles
 t - 12 curare-tipped needles
 u - 7 needles of paralysis
 v - 6 javelins of penetration (quivered)
 w - 2 exploding tomahawks
Armour
 q - the -2 large shield "Keomiy" (worn) {+Inv Int+4 Dex-3 Slay+3}
   (You bought it in a shop in the Dungeon)

   It affects your intelligence (+4).
   It affects your dexterity (-3).
   It affects your accuracy and damage with ranged weapons and melee attacks
   (+3).
   It lets you turn invisible.
 r - a +3 leather armour of cold resistance (worn)
 x - the cursed +0 pair of boots "Icwopser" (worn) {+Inv}
   (You bought it in a shop in the Dungeon)

   It lets you turn invisible.
   It has a curse placed upon it.
 y - the +2 helmet of Agrie (worn) {+Fly rC- Str+7 Dex+2}
   (You bought it in a shop in the Dungeon)

   It affects your strength (+7).
   It affects your dexterity (+2).
   It makes you vulnerable to cold.
   It lets you fly.
Jewellery
 b - the amulet "Zybevufo" (around neck) {Reflect -Tele Str+7 Int+4 Dex+3 SH+3}
   (You bought it in a shop in the Dungeon)

   [amulet of reflection]

   It shields you and reflects attacks.
   It affects your strength (+7).
   It affects your intelligence (+4).
   It affects your dexterity (+3).
   It prevents most forms of teleportation.
   It affects your SH (+3).
 n - the ring of Greed (left hand) {rN+ Dex+3}
   (You bought it in a shop in the Dungeon)

   [ring of positive energy]

   It affects your dexterity (+3).
   It protects you from negative energy.
 p - the ring of False Pretenses (right hand) {rElec rPois rF+ Str-5 Dex+7}
   (You bought it in a shop in the Dungeon)

   [ring of protection from fire]

   It affects your strength (-5).
   It affects your dexterity (+7).
   It protects you from fire.
   It insulates you from electricity.
   It protects you from poison.
Wands
 k - a wand of acid (11)
 l - a wand of iceblast (4)
Scrolls
 i - 4 scrolls of blinking
 m - 3 scrolls of fog
Potions
 d - a potion of curing
 e - 3 potions of heal wounds
 f - 4 potions of haste
 g - 2 potions of magic
 h - a potion of berserk rage
 j - a potion of resistance
 s - a potion of experience
Comestibles
 c - a ration
 z - 34 chunks of flesh


   Skills:
 + Level 14.7(14.5) Fighting
 + Level 16.8(16.5) Long Blades
 * Level 12.8(12.6) Throwing
 + Level 9.4(9.2) Armour
 + Level 13.5(13.2) Dodging
 + Level 4.3(4.1) Stealth
 + Level 9.3(9.1) Shields
 + Level 4.2(4.0) Evocations


You had 10 spell levels left.
You didn't know any spells.

Dungeon Overview and Level Annotations

Branches:
Dungeon (1/1)

Altars:
Cheibriados
Dithmenos
Fedhas
Gozag
Kikubaaqudgha
Makhleb
Okawaru
Qazlal
Ru
Sif Muna
Trog
Uskayaw
Vehumet
Wu Jian
Xom
Yredelemnul
Zin
The Shining One
Beogh
Jiyva
Lugonu

Shops:
D *[%??*?*:[((!!!!


Innate Abilities, Weirdness & Mutations

Shadows flee at your approach. (+LOS)
You can swim through water.
You cover ground slowly.
You can hop short distances.


Message History

You hit the dimme.
The dimme is severely wounded.
The dimme chants its luring song.
The sea snake bites you!
You block the eldritch tentacle's attack.
The eldritch tentacle claws you! You partially resist.
You feel drained. You block the sea snake's attack.
You miss the dimme.
The dimme is severely wounded.
You block the sea snake's attack.
You block the eldritch tentacle's attack.
The eldritch tentacle claws you!!
* * * LOW HITPOINT WARNING * * *
You fade into invisibility!
You are very lightly contaminated with residual magic.
You block the sea snake's attack.
You slice the dimme!!
The dimme is severely wounded.
You block the sea snake's attack. The eldritch tentacle slaps you!
You die...

#_......._# #........_#
###.........##
#⌠.[)........⌠
######.8.........8.
##∩___......###.....
###∩........8.# #.8...
##.."S........[###.....
#⌠...m@S....###)..###..
#§...w....).# #.<.# #..
#⌠)*─.......###.÷.###..
##.........(...###.....
###∩........8.# #)8...
##∩___....÷†###.....
######.8.........8.
#⌠.(.........⌠
###......)..##


You could see an eldritch tentacle, a dimme and 2 sea snakes.

Vanquished Creatures
  3 sun demons (D)
  An iron troll (D)
  4 deep trolls (D)
  3 spiny frogs (D)
  A komodo dragon (D)
  2 rime drakes (D)
  A red devil (D)
  2 queen bees (D)
  3 trolls (D)
  A hippogriff (D)
  A yak (D)
  A wyvern (D)
  Eustachio (D)
  2 fire bats (D)
  2 basilisks (D)
  A water moccasin (D)
  2 hell hounds (D)
  A porcupine (D)
  A bullfrog (D)
  4 killer bees (D)
  A crimson imp (D)
  A quasit (D)
  An iron imp (D)
  Terence (D)
  A shadow imp (D)
  An ufetubus (D)
  A bat zombie (D)
  A hobgoblin (D)
  2 kobolds (D)
47 creatures vanquished.

Vanquished Creatures (collateral kills)
  the Lernaean hydra (D)
  A rust devil (D)
  2 orange demons (D)
  A hellwing (D)
  A red devil (D)
6 creatures vanquished.

Grand Total: 53 creatures vanquished

Notes
Turn   | Place    | Note
-------+----------+-------------------------------------------
     0 | D        | Psiloshibe the Barachi Berserker began the quest for the Orb.
     0 | D        | Reached XP level 1. HP: 18/18 MP: 1/1
     0 | D        | Found an ancient bone altar of Kikubaaqudgha.
     3 | D        | Found a viscous altar of Jiyva.
     3 | D        | Found a snail-covered altar of Cheibriados.
     3 | D        | Found a shadowy altar of Dithmenos.
     3 | D        | Found an ornate altar of the Wu Jian Council.
     4 | D        | Found a radiant altar of Vehumet.
     4 | D        | Found a blossoming altar of Fedhas.
     5 | D        | Found a stormy altar of Qazlal.
     5 | D        | Found Wutisch's Staff Store.
     5 | D        | Found Cudiegamn's Magic Scroll Shop.
     5 | D        | Round 1.
     6 | D        | Found Oxzal's Distillery.
     6 | D        | Found a basalt altar of Yredelemnul.
     6 | D        | Found Muhuaf's Must-Have Magic.
     6 | D        | Found a glowing golden altar of the Shining One.
     6 | D        | Found a glowing silver altar of Zin.
     6 | D        | Found Suintemn's Magic Scroll Shop.
     6 | D        | Found Ciav's Do-It-Yourself Clinic.
    29 | D        | Found a roughly hewn altar of Beogh.
    35 | D        | Found Juomarche's Distillery.
    35 | D        | Found Qinug's Bottled Wisdom.
    56 | D        | Found an iron altar of Okawaru.
    56 | D        | Found a corrupted altar of Lugonu.
    56 | D        | Found Duhiwiedgh's Weapon Rack.
    56 | D        | Found Uqug's Basic Armour.
    56 | D        | Found Demmeon's Miscellaneous Merchandise.
    57 | D        | Found a burning altar of Makhleb.
    57 | D        | Found a shimmering altar of Xom.
    57 | D        | Found Sobytagh's Premium Goods.
    73 | D        | Found a sacrificial altar of Ru.
    74 | D        | Found a hide-covered altar of Uskayaw.
    74 | D        | Found Giutuanu's Advanced Armour.
    75 | D        | Found a bloodstained altar of Trog.
    75 | D        | Found Leyweolu's Identification Station.
    75 | D        | Found Doihe's Jewellery.
    76 | D        | Found a deep blue altar of Sif Muna.
    76 | D        | Found an opulent altar of Gozag.
    76 | D        | Found Uvidabya's Delicious Food.
    77 | D        | Reached skill level 4 in Long Blades
    89 | D        | Reached ** piety under Trog
    89 | D        | Reached skill level 1 in Throwing
    99 | D        | Bought a transparent lead ring for 45 gold pieces
    99 | D        | Bought an ancient zirconium amulet for 45 gold pieces
    99 | D        | Bought a fine copper ring for 45 gold pieces
    99 | D        | Identified the ring of Greed {rN+ Dex+3} (You bought it in a shop in the Dungeon)
   100 | D        | Identified the amulet "Xoidgh" {Inacc rC+ Str+4} (You bought it in a shop in the Dungeon)
   102 | D        | Identified the ring of False Pretenses {rElec rPois rF+ Str-5 Dex+7} (You bought it in a shop in the Dungeon)
   108 | D        | Bought a sparkling emerald amulet for 45 gold pieces
   108 | D        | Identified the amulet of Midwinter {Reflect *Corrode rC+ MP+9 SH+2} (You bought it in a shop in the Dungeon)
   126 | D        | Noticed Terence
   138 | D        | Killed Terence
   138 | D        | Arena points: 12 (+12) [x2]
   138 | D        | Reached skill level 5 in Fighting
   138 | D        | Reached skill level 5 in Long Blades
   138 | D        | Reached XP level 2. HP: 19/27 MP: 2/2
   138 | D        | Reached XP level 3. HP: 23/33 MP: 3/3
   154 | D        | Round 2.
   157 | D        | Noticed Eustachio
   186 | D        | Killed Eustachio
   186 | D        | Reached skill level 8 in Long Blades
   186 | D        | Reached XP level 4. HP: 44/44 MP: 4/4
   186 | D        | Reached XP level 5. HP: 49/49 MP: 5/5
   217 | D        | Reached *** piety under Trog
   269 | D        | Reached skill level 9 in Long Blades
   269 | D        | Reached skill level 5 in Throwing
   269 | D        | Reached XP level 6. HP: 57/57 MP: 6/6
   285 | D        | Reached skill level 5 in Dodging
   296 | D        | Reached **** piety under Trog
   296 | D        | Arena points: 54 (+42) [x3]
   314 | D        | Bought a scintillating ivory amulet for 45 gold pieces
   314 | D        | Identified the amulet "Zybevufo" {Reflect -Tele Str+7 Int+4 Dex+3 SH+3} (You bought it in a shop in the Dungeon)
   323 | D        | Round 3.
   324 | D        | Noticed a red devil
   325 | D        | Noticed an orange demon
   328 | D        | Noticed an orange demon
   328 | D        | Noticed a red devil
   329 | D        | Noticed a rust devil
   329 | D        | Noticed a hellwing
   347 | D        | Killed a red devil
   347 | D        | Reached skill level 10 in Long Blades
   347 | D        | Reached skill level 5 in Armour
   347 | D        | Reached skill level 1 in Evocations
   349 | D        | Killed a rust devil
   349 | D        | Reached skill level 10 in Fighting
   349 | D        | Reached skill level 11 in Long Blades
   349 | D        | Reached XP level 7. HP: 53/66 MP: 6/8
   353 | D        | Killed a red devil
   355 | D        | Killed a hellwing
   355 | D        | Reached XP level 8. HP: 50/74 MP: 6/9
   361 | D        | Killed an orange demon
   361 | D        | Reached skill level 12 in Long Blades
   361 | D        | Killed an orange demon
   361 | D        | Reached ***** piety under Trog
   361 | D        | Arena points: 138 (+84) [x4]
   387 | D        | Round 4.
   427 | D        | Noticed a queen bee
   437 | D        | Killed a queen bee
   467 | D        | Received a gift from Trog
   467 | D        | Reached skill level 13 in Long Blades
   480 | D        | Noticed a queen bee
   486 | D        | Reached skill level 1 in Stealth
   506 | D        | Killed a queen bee
   506 | D        | Arena points: 278 (+140) [x5]
   506 | D        | Reached XP level 9. HP: 68/81 MP: 10/10
   518 | D        | Bought a heavily runed large shield for 332 gold pieces
   523 | D        | Identified the -2 large shield "Keomiy" {+Inv Int+4 Dex-3 Slay+3} (You bought it in a shop in the Dungeon)
   556 | D        | Round 5.
   571 | D        | Noticed the 27-headed Lernaean hydra
   583 | D        | Killed the 27-headed Lernaean hydra
   583 | D        | Arena points: 558 (+280) [x7]
   583 | D        | Reached skill level 14 in Long Blades
   583 | D        | Reached skill level 10 in Throwing
   583 | D        | Reached XP level 10. HP: 12/90 MP: 10/12
   586 | D        | Got a decaying rune of Zot
   616 | D        | Bought 2 rations for 40 gold pieces
   791 | D        | Round 6.
   843 | D        | Noticed a sun demon
   855 | D        | Killed a sun demon
   855 | D        | Reached skill level 15 in Long Blades
   899 | D        | Noticed a sun demon
   910 | D        | Received a gift from Trog
   920 | D        | Killed a sun demon
   920 | D        | Received a gift from Trog
   927 | D        | Noticed a sun demon
   939 | D        | Killed a sun demon
   952 | D        | Arena points: 606 (+48) [x1]
   965 | D        | Round 7.
   968 | D        | Noticed a spiny frog
   969 | D        | Noticed a spiny frog
   991 | D        | Killed a spiny frog
   993 | D        | Received a gift from Trog
   993 | D        | Reached XP level 11. HP: 98/98 MP: 14/14
  1000 | D        | Reached skill level 16 in Long Blades
  1000 | D        | Reached skill level 5 in Shields
  1006 | D        | Received a gift from Trog
  1017 | D        | Arena points: 732 (+126) [x2]
  1035 | D        | Bought a pair of encrusted boots for 332 gold pieces
  1035 | D        | Round 8.
  1038 | D        | Noticed a deep troll
  1040 | D        | Identified the cursed +0 pair of boots "Icwopser" {+Inv} (You bought it in a shop in the Dungeon)
  1049 | D        | Killed a deep troll
  1049 | D        | Received a gift from Trog
  1056 | D        | Noticed a deep troll
  1060 | D        | Noticed a deep troll
  1062 | D        | Noticed an iron troll
  1076 | D        | Killed a deep troll
  1086 | D        | Noticed a deep troll
  1092 | D        | Killed an iron troll
  1092 | D        | Received a gift from Trog
  1099 | D        | Killed a deep troll
  1104 | D        | Killed a deep troll
  1112 | D        | Arena points: 948 (+216) [x3]
  1145 | D        | Bought an ichor-stained helmet for 332 gold pieces
  1150 | D        | Identified the +2 helmet of Agrie {+Fly rC- Str+7 Dex+2} (You bought it in a shop in the Dungeon)
  1153 | D        | Round 9.
  1198 | D        | Reached ****** piety under Trog
  1198 | D        | Received a gift from Trog
  1211 | D        | HP: 4/101 [komodo dragon (30)]
  1219 | D        | Arena points: 1200 (+252) [x4]
  1233 | D        | Round 10.
  1245 | D        | Noticed a sea snake
  1246 | D        | Noticed a dimme
  1257 | D        | Noticed a sea snake
  1266 | D        | HP: 3/101 [eldritch tentacle[a dimme] (31)]
  1267 | D        | Mangled by an eldritch tentacle

Skill      XL: |  1  2  3  4  5  6  7  8  9 10 11 |
---------------+----------------------------------+-----
Fighting       | 5 7 8 10 11 12 13 14 | 14.7
Long Blades    | 5 8 9 11 13 14 15 16 | 16.8
Throwing       | 2 4 5 6 7 8 10 11 12 | 12.8
Armour         | 3 4 5 6 8 9 |  9.4
Dodging        | 3 4 6 7 9 11 12 13 | 13.5
Evocations     | 1 2 3 4 |  4.2
Stealth        | 1 2 3 4 |  4.3
Shields        | 2 4 9 |  9.3

Action                   |  1- 3 |  4- 6 |  7- 9 | 10-12 || total
-------------------------+-------+-------+-------+-------++-------
Melee: Falchion          |    17 |    53 |    22 |       ||    92
       Scimitar          |       |       |    18 |   141 ||   159
Throw: Javelin           |       |       |       |     3 ||     3
       Tomahawk          |       |       |       |     1 ||     1
Invok: Trog's Hand       |     2 |     4 |     2 |     7 ||    15
       Berserk           |     2 |     1 |       |     2 ||     5
       Brothers in Arms  |       |     1 |     1 |       ||     2
 Abil: Hop               |       |     1 |     1 |       ||     2
Evoke: Wand              |     2 |       |     2 |       ||     4
  Use: Potion            |       |       |       |     1 ||     1
  Eat: Chunk             |       |     2 |     2 |     2 ||     6
       Ration            |       |       |       |     2 ||     2
Armor: Animal skin       |     1 |       |       |       ||     1
       Leather armour    |       |    25 |    11 |    15 ||    51
Dodge: Dodged            |    14 |    73 |    32 |    68 ||   187
Block: Other             |       |     4 |     3 |       ||     7
       Large shield      |       |       |     6 |   140 ||   146
       Reflection        |       |       |       |     1 ||     1
       Rpst.: Falchion   |     3 |    16 |     6 |       ||    25
       Scimitar          |       |       |     4 |    18 ||    22
